 Dungeon Crawl Stone Soup version 0.28-b1-25-g9875b3fc8c (webtiles) character file.

Game seed: 5279487825536327526

14919 DildoBatman the Fighter (level 12, -10/87 (97) HPs)
             Began as a Formicid Conjurer on Feb 1, 2022.
             Was an Elder of Kikubaaqudgha.
             Mangled by an ettin (41 damage)
             ... on level 10 of the Dungeon.
             The game lasted 00:55:51 (13800 turns).

DildoBatman the Fighter (Formicid Conjurer)        Turns: 13800, Time: 00:55:51

HP:   -10/87 (97)   AC: 17    Str: 12    XL:     12   Next: 51%
MP:   21/25         EV: 14    Int: 22    God:    Kikubaaqudgha [****..]
Gold: 906           SH:  0    Dex: 13    Spells: 8/29 levels left

rFire   + . .      SeeInvis +   a - +11 rapier of Dim Light {venom, rElec rN+ Int+3 Stlth-}
rCold   . . .      Faith    .   (no shield)
rNeg    + . .      Spirit   .   o - +3 troll leather armour
rPois   +          Reflect  .   (helmet unavailable)
rElec   +          Harm     .   F - +2 cloak
rCorr   .          Rampage  .   T - +2 pair of gloves
Will    ++...                   A - +0 pair of boots
Stlth   +.........              (no amulet)
HPRegen 1.04/turn               e - ring of willpower
MPRegen 0.19/turn               K - ring of Darkness {rPois rF+}

@: heavily drained, very slow
A: permanent stasis, dig shafts and tunnels, antennae 3, four strong arms
a: Dig, Shaft Self, Renounce Religion, Receive Corpses


You were on level 10 of the Dungeon.
You worshipped Kikubaaqudgha.
Kikubaaqudgha was greatly pleased with you.
You visited 3 branches of the dungeon, and saw 12 of its levels.
You also visited: Bailey.

You collected 906 gold pieces.

Inventory:

Hand Weapons
 a - the +11 rapier of Dim Light (weapon) {venom, rElec rN+ Int+3 Stlth-}
   (You found it on level 10 of the Dungeon)

   It poisons the flesh of those it strikes.
   Int:       It affects your intelligence (+3).
   rElec:     It insulates you from electricity.
   rN:        It protects you from negative energy.
   Stlth:     It makes you less stealthy.
 b - a +2 hunting sling of flaming
Missiles
 f - 290 arrows
 h - 103 sling bullets
 j - 18 poisoned darts (quivered)
 k - 111 bolts
 r - 3 throwing nets
 E - 271 stones
 I - 6 boomerangs
 N - a curare-tipped dart
Armour
 o - a +3 troll leather armour (worn)
 A - a +0 pair of boots (worn)
 F - a +2 cloak (worn)
 T - a +2 pair of gloves (worn)
Jewellery
 d - a ring of ice
 e - a ring of willpower (left hand)
 K - the ring of Darkness (right hand) {rPois rF+}
   (You took it off an orc in a bailey)

   [ring of poison resistance]

   rF:        It protects you from fire.
   rPois:     It protects you from poison.
Wands
 g - a wand of polymorph (14)
 u - a wand of iceblast (9)
 L - a wand of mindburst (21)
Scrolls
 c - 3 scrolls of identify
 i - 4 scrolls of amnesia
 p - a scroll of acquirement {unknown}
 q - a scroll of immolation {unknown}
 t - a scroll of torment {unknown}
 x - a scroll of silence {unknown}
 y - 2 scrolls of fog {unknown}
 B - 2 scrolls of enchant weapon {unknown}
 G - 3 scrolls of vulnerability {unknown}
 H - 4 scrolls of magic mapping {unknown}
 J - a scroll of fear {unknown}
Potions
 l - a potion of might {unknown}
 m - 3 potions of curing
 n - 2 potions of resistance
 s - 2 potions of invisibility
 v - a potion of degeneration {unknown}
 z - 2 potions of cancellation {unknown}
 D - a potion of mutation {unknown}
 M - 2 potions of magic {unknown}
 P - a potion of attraction {unknown}
 R - a potion of lignification {unknown}
 S - a potion of brilliance {unknown}
 U - a potion of ambrosia {unknown}
Miscellaneous
 Q - a box of beasts


   Skills:
 * Level 9.8 Fighting
 * Level 3.0 Short Blades
 * Level 9.8 Armour
 - Level 7.0 Dodging
 - Level 2.4 Stealth
 - Level 9.0 Spellcasting
 - Level 6.0 Conjurations
 - Level 9.0 Necromancy


You had 8 spell levels left.
You knew the following spells:

 Your Spells              Type           Power      Damage    Failure   Level
a - Searing Ray           Conj           72%        2d7       1%          2
b - Dazzling Flash        Conj/Hex       46%        N/A       7%          3
c - Magic Dart            Conj           100%       1d8       1%          1
d - Vampiric Draining     Necr           49%        2d9       1%          3
e - Corpse Rot            Necr/Air       58%        N/A       1%          2
f - Animate Skeleton      Necr           98%        N/A       1%          1
g - Agony                 Necr           49%        N/A       5%          5
h - Dispel Undead         Necr           49%        3d18      1%          4

Your spell library contained the following spells:

 Spells                   Type           Power      Damage    Failure   Level
 Animate Dead             Necr           24%        N/A       1%          4
 Shock                    Conj/Air       92%        1d8       2%          1
 Excruciating Wounds      Necr           24%        N/A       5%          5
 Anguish                  Hex/Necr       14%        N/A       13%         4
 Summon Guardian Golem    Hex/Summ       9%         N/A       24%         3
 Fulminant Prism          Conj/Hex       11%        3d9       24%         4
 Iskenderun's Mystic Bla  Conj/Tloc      23%        2d6       24%         4
 Death Channel            Necr           24%        N/A       30%         6
 Airstrike                Air            4%         N/A       63%         4
 Orb of Destruction       Conj           18%        9d8       99%         7
 Spellforged Servitor     Conj/Summ      11%        N/A       100%        7
 Swiftness                Air            Unusable   N/A       N/A         3

Dungeon Overview and Level Annotations

Branches:
Dungeon (10/15)            Temple (1/1) D:4            Lair (0/6) D:9
    Orc (1/2) D:10         Bailey (visited)

Altars:
Ashenzari
Cheibriados
Dithmenos
Elyvilon
Fedhas
Gozag
Hepliaklqana
Kikubaaqudgha
Makhleb
Nemelex Xobeh
Okawaru
Qazlal
Ru
Sif Muna
Trog
Uskayaw
Vehumet
Wu Jian
Xom
Yredelemnul
Zin
The Shining One

Shops:
D:1 (   D:5 ([   D:8 =


Innate Abilities, Weirdness & Mutations

You cannot be hasted, slowed, berserked, paralysed or teleported.
You can dig through walls and to a lower floor.
You have a pair of large antennae on your head. (SInv)
Your four strong arms can wield two-handed weapons with a shield.


Message History

The ettin misses you.
The ettin hits you with a +0 dire flail!!
You climb upwards.
Welcome back to the Dungeon!
There is a staircase to the Orcish Mines here.
You extend your mandibles.
You dig through the rock wall.
You feel drained.
You retract your mandibles.
The orc priest is no longer blind.
There is an open door here.
Casting: Dazzling Flash (dangerous; 7% risk of failure)
Confirm with . or Enter, or press ? or * to list all spells.
Casting: Dazzling Flash (dangerous; 7% risk of failure)
Press: ? - help, Dir - look around, f - activate The ettin is dazzled.
Casting: Dazzling Flash (dangerous; 7% risk of failure)
Confirm with . or Enter, or press ? or * to list all spells.
Aiming: Searing Ray (safe; 1% risk of failure)
Press: ? - help, Shift-Dir - straight line, f - ettin
Aim: an ettin, wielding two +0 dire flails (blind, 96% to hit)
The searing ray hits the ettin but does no damage. (Press . to maintain the ray.)
Press: ? - help, v - describe, . - travel
Here: an ettin, wielding two +0 dire flails (blind)
An open door.
Unknown command.
Unknown command.
The ettin is no longer blind.
You enter the shallow water.
Moving in this stuff is going to be slow.
The orc priest looks braver for a moment.
The ettin misses you. The ettin hits you but does no damage.
The ettin hits you with a +0 dire flail!!!
The ettin barely misses you.
The ettin hits you with a +0 dire flail!!
The ettin hits you with a +0 dire flail!!!
You die...
Kikubaaqudgha rasps: "You have failed me!
Welcome... death!"

....# #####'## #####'#####
'####### ###.###########.#
.# ###.###......≈...##...##
.# #≈≈#.#≈.≈.≈≈≈≈≈..≈#.#..#
.# ##≈##≈..≈.≈..≈......####
'####≈≈≈≈≈≈≈≈≈≈≈≈≈≈o≈≈≈≈###
...###≈≈≈≈≈≈≈≈≈≈≈≈≈≈≈≈≈≈≈≈#
...#####..≈..≈...C≈)...#####
...'..##...≈.≈≈.@≈.≈###....#
...##..............## #....#
...#####.........### #....#
...# #.........# #....# ...#
#.........# #....# ####
#.........# #....# #
####.###### #....# # #.#
###'## #.# ##..#


You could see an ettin and an orc priest.

Vanquished Creatures
  A two-headed ogre (D:5)
  An elephant (D:9)
  A gargoyle (D:10)
  Maggie (D:8)
  The ghost of Tzialkovskiy the Cudgeller, a novice GrFi (D:4)
  3 trolls
  19 yaks
  A basilisk (D:9)
  2 wyverns
  Grum (D:9)
  3 steam dragons (D:8)
  2 acid dragons
  2 wargs (Orc:1)
  A water moccasin (D:7)
  12 orc warriors
  An ice beast (D:6)
  2 black bears
  2 necrophages (D:5)
  3 sky beasts
  4 ogres
  3 wolves (D:9)
  5 centaurs
  3 kobold brigands (D:8)
  A wyvern zombie (D:8)
  3 bullfrogs
  A scorpion (D:5)
  4 wyvern skeletons
  2 water moccasin skeletons
  13 killer bees (D:7)
  4 wights (D:8)
  A howler monkey (D:4)
  2 bullfrog zombies (D:6)
  Crazy Yiuf (D:6)
  3 orc priests
  A centaur skeleton (D:7)
  2 hounds
  4 iguanas
  7 orc wizards
  A killer bee zombie (D:7)
  A howler monkey zombie (D:6)
  15 gnolls
  7 adders
  2 ufetubi
  An adder skeleton (D:4)
  A worm (D:2)
  4 dart slugs
  30 orcs
  4 bats
  6 endoplasms
  3 giant cockroaches
  21 goblins
  17 hobgoblins
  5 jackals
  15 kobolds
  4 quokkas
  4 ball pythons
  5 frilled lizards
  3 rats
272 creatures vanquished.

Vanquished Creatures (others)
  A sky beast (D:8)
  14 plants (D:1)
15 creatures vanquished.

Grand Total: 287 creatures vanquished

Notes
Turn   | Place    | Note
-------+----------+-------------------------------------------
     0 | D:1      | DildoBatman the Formicid Conjurer began the quest for the
                  | Orb.
     0 | D:1      | Reached XP level 1. HP: 13/13 MP: 3/3
   184 | D:1      | Reached XP level 2. HP: 19/19 MP: 3/5
   187 | D:1      | Learned a level 2 spell: Searing Ray
   227 | D:1      | Found Exialie's Weapon Shoppe.
   475 | D:1      | Reached XP level 3. HP: 24/24 MP: 3/6
   789 | D:1      | Found a faded altar of an unknown god.
   983 | D:2      | Reached XP level 4. HP: 18/30 MP: 3/7
  1175 | D:2      | Reached skill level 5 in Conjurations
  2217 | D:3      | Found a blossoming altar of Fedhas.
  2219 | D:3      | Found a hazy altar of Hepliaklqana.
  2219 | D:3      | Found a snail-covered altar of Cheibriados.
  2224 | D:3      | Reached XP level 5. HP: 35/35 MP: 6/8
  2843 | D:4      | Reached skill level 1 in Armour
  2844 | D:4      | Reached skill level 1 in Fighting
  3017 | D:4      | Found a runed translucent door.
  3160 | D:4      | Reached XP level 6. HP: 43/43 MP: 1/10
  3245 | D:4      | Found a staircase to the Ecumenical Temple.
  3275 | Temple   | Entered the Ecumenical Temple
  3334 | Temple   | Became a worshipper of Kikubaaqudgha
  3569 | D:4      | Noticed Tzialkovskiy's ghost (novice GrFi)
  4330 | D:5      | Entered Level 5 of the Dungeon
  4331 | D:5      | Noticed a necrophage
  4338 | D:5      | Killed a necrophage
  4339 | D:5      | Reached XP level 7. HP: 35/50 MP: 2/12
  4551 | D:5      | Found Atuuxeb's Weapon Shoppe.
  4683 | D:5      | Reached skill level 5 in Spellcasting
  4801 | D:5      | Found a radiant altar of Vehumet.
  4811 | D:5      | Found a stormy altar of Qazlal.
  5159 | D:5      | Found Lalumir's Armour Boutique.
  5159 | D:5      | Noticed a two-headed ogre
  5389 | D:6      | Reached XP level 8. HP: 47/56 MP: 9/17
  5424 | D:6      | HP: 1/56 [centaur/arrow (12)]
  5597 | D:6      | Found a runed translucent door.
  5598 | D:6      | Noticed Crazy Yiuf
  6115 | D:6      | Reached * piety under Kikubaaqudgha
  6115 | D:6      | Received a gift from Kikubaaqudgha
  6121 | D:6      | Learned a level 3 spell: Vampiric Draining
  6367 | D:6      | Reached skill level 1 in Necromancy
  6367 | D:6      | Reached XP level 9. HP: 51/65 MP: 13/19
  6712 | D:6      | Killed Crazy Yiuf
  6925 | D:7      | Found a flagged portal.
  6941 | D:7      | Reached skill level 5 in Armour
  6942 | D:7      | Reached skill level 5 in Fighting
  6953 | D:7      | HP: 2/68 [killer bee (2)]
  7130 | D:7      | Found an opulent altar of Gozag.
  7312 | Bailey   | Entered a bailey
  7390 | Bailey   | Learned a level 3 spell: Dazzling Flash
  7393 | Bailey   | Learned a level 2 spell: Corpse Rot
  7395 | Bailey   | Learned a level 1 spell: Animate Skeleton
  7401 | Bailey   | Learned a level 5 spell: Agony
  7422 | Bailey   | Reached skill level 5 in Necromancy
  7492 | Bailey   | Reached ** piety under Kikubaaqudgha
  7685 | Bailey   | Noticed an orc knight
  8387 | Bailey   | Identified the ring of Darkness {rPois rF+}
  8403 | Bailey   | Reached XP level 10. HP: 54/74 MP: 12/20
  8907 | Bailey   | Noticed an orc warlord
  9220 | Bailey   | HP: 1/74 [orc knight (16)]
  9266 | D:7      | Reached skill level 5 in Dodging
  9266 | D:7      | Reached XP level 11. HP: 13/86 MP: 19/23
  9420 | D:7      | Found an ornate altar of the Wu Jian Council.
 10146 | D:8      | Reached *** piety under Kikubaaqudgha
 10146 | D:8      | Received a gift from Kikubaaqudgha
 10160 | D:8      | Learned a level 4 spell: Dispel Undead
 10244 | D:8      | Found Byeth's Jewellery Boutique.
 10321 | D:8      | Noticed Maggie
 10401 | D:8      | Killed Maggie
 10669 | D:8      | Found a white marble altar of Elyvilon.
 10669 | D:8      | Found a sacrificial altar of Ru.
 10672 | D:8      | Found a burning altar of Makhleb.
 10856 | D:8      | You fall into a shaft and drop 1 floor!
 11371 | D:9      | Found a shimmering altar of Xom.
 11742 | D:9      | Noticed Grum
 11766 | D:9      | Killed Grum
 11797 | D:9      | Noticed an elephant
 11805 | D:9      | Reached **** piety under Kikubaaqudgha
 11897 | D:9      | Killed an elephant
 12160 | D:9      | Found a staircase to the Lair.
 12584 | D:5      | Killed a two-headed ogre
 12585 | D:5      | Reached XP level 12. HP: 54/95 MP: 11/25
 12702 | D:4      | Killed Tzialkovskiy's ghost
 12820 | D:10     | Entered Level 10 of the Dungeon
 12829 | D:10     | Found a shimmering blue altar of Sif Muna.
 12957 | D:10     | Identified the +11 rapier of Dim Light {venom, rElec rN+
                  | Int+3 Stlth-}
 13226 | D:10     | Reached skill level 1 in Short Blades
 13583 | D:10     | Found a staircase to the Orcish Mines.
 13651 | Orc:1    | Entered Level 1 of the Orcish Mines
 13759 | Orc:1    | Noticed an ettin
 13800 | D:10     | Mangled by an ettin

Illustrated notes

Levels and vault maps discovered:
D:1:      mainiacjoe_arrival_reflecting_pool, layout_rooms,
          dilly_ecumenical_altar_fadedgnrine, serial_shops, shop
D:2:      layout_basic, hex_large, hangedman_decor_lopped,
          minmay_misc_feat_four_crosses, kennysheep_generic_room_12
D:3:      layout_loops_corners, grunt_temple_overflow_open
D:4:      layout_layer_cave, minmay_temple_entry_offerings,
          ebering_ghost_sewer_d
D:5:      layout_loops_ring, amethyst_overflow_temple_binary, serial_shops,
          nicolae_shop_hallway_stairs, kennysheep_small_square
D:6:      layout_layer_cave, uniq_crazy_yiuf_cottage
D:7:      minmay_angry_zag, layout_loops_ring, mainiacjoe_overflow_brackets,
          mainiacjoe_overflow_concentric_impassable, enter_bailey_5
D:8:      layout_loops_corners, nicolae_overflow_hidden_temple, serial_shops,
          nicolae_shop_hallway_stairs, serial_bayou_pond_d,
          grunt_decor_mini_mirrors, hangedman_misty_isle, uniq_maggie
D:9:      layout_basic, mainiacjoe_overflow_boulevard, david_lair_generic,
          uniq_grum
D:10:     layout_roguey, nicolae_sif_muna_condensation,
          chequers_serial_rivers_small_3
Temple:   zaba_magenta_temple
Orc:1:    layout_caves, serial_shops, shop

Skill      XL: |  1  2  3  4  5  6  7  8  9 10 11 12 |
---------------+-------------------------------------+-----
Conjurations   | 4 5 6 |  6.0
Armour         | 1 2 3 5 7 9 |  9.8
Fighting       | 1 2 3 5 7 9 |  9.8
Spellcasting   | 3 6 7 8 9 |  9.0
Dodging        | 3 5 6 7 |  7.0
Necromancy     | 1 6 7 8 9 |  9.0
Short Blades   | 3 |  3.0
Stealth        | |  2.4

Action                   |  1- 3 |  4- 6 |  7- 9 | 10-12 || total
-------------------------+-------+-------+-------+-------++-------
Melee: Unarmed           |     1 |       |       |       ||     1
       Club              |    12 |       |       |       ||    12
       Spear             |    46 |    56 |       |       ||   102
       Punch             |     1 |     1 |       |     2 ||     4
       Scimitar          |       |       |    15 |    13 ||    28
       Falchion          |       |       |       |    54 ||    54
       Rapier            |       |       |       |   124 ||   124
 Fire: Shortbow          |       |       |     7 |       ||     7
       Hunting sling     |       |       |   102 |    25 ||   127
Throw: Dart              |       |       |     2 |       ||     2
 Cast: Magic Dart        |    29 |    11 |    12 |    19 ||    71
       Searing Ray       |    10 |    22 |    64 |    73 ||   169
       Vampiric Draining |       |       |     8 |    41 ||    49
       Dispel Undead     |       |       |       |     2 ||     2
       Dazzling Flash    |       |       |       |     2 ||     2
 Abil: Dig               |       |       |       |     8 ||     8
  Use: Potion            |       |       |     6 |     3 ||     9
       Scroll            |       |       |     6 |     3 ||     9
 Stab: Sleeping          |       |     3 |     1 |       ||     4
       Distracted        |       |       |       |     1 ||     1
Armor: Robe              |     7 |     7 |    19 |    12 ||    45
       Steam dragon scal |       |       |       |    96 ||    96
       Troll leather arm |       |       |       |    40 ||    40
Dodge: Dodged            |    24 |    49 |    92 |   278 ||   443
